 Dungeon Crawl Stone Soup version 0.24.0-2-g5b39cebb1c (webtiles) character file.

Game seed: 621005042976590462, levelgen mode: deterministic

1481 Lanoc the Gusty (level 8, -6/46 HPs)
             Began as an Octopode Air Elementalist on Oct 29, 2019.
             Was a Follower of Vehumet.
             Mangled by an orc warrior
             ... wielding a +0 hand axe of flaming
              (8 damage)
             ... on level 6 of the Dungeon.
             The game lasted 00:18:33 (5856 turns).

Lanoc the Gusty (Octopode Air Elementalist)         Turns: 5856, Time: 00:18:34

Health: -6/46      AC:  2    Str:  8    XL:     8   Next: 79%
Magic:  0/11       EV: 16    Int: 19    God:    Vehumet [*.....]
Gold:   310        SH:  0    Dex: 15    Spells: 2/11 levels left

rFire    . . .     SeeInvis .   t - +2 whip (venom)
rCold    . . .     Gourm    .   (no shield)
rNeg     . . .     Faith    .   (helmet restricted)
rPois    +         Spirit   .   (no amulet)
rElec    .         Reflect  .   C - +3 ring of dexterity
rCorr    +         Harm     .   k - ring of poison resistance
MR       .....                  l - ring of resist corrosion
Stlth    +++.......             m - +1 ring of protection
HPRegen  0.15/turn              (no ring)
MPRegen  0.12/turn              (no ring)
                                (no ring)
                                (no ring)

@: about to teleport, very slightly contaminated
A: almost no armour, stealthy swim, amphibious, 8 rings, constrict 8, camouflage
1, gelatinous body 1
a: Renounce Religion


You were on level 6 of the Dungeon.
You worshipped Vehumet.
Vehumet was aware of your devotion.
You were hungry.

You visited 2 branches of the dungeon, and saw 7 of its levels.

You collected 310 gold pieces.

Inventory:

Hand Weapons
 t - a +2 whip of venom (weapon)
Jewellery
 k - a ring of poison resistance (right tentacle)
 l - a ring of resist corrosion (on tentacle)
 m - a +1 ring of protection (on tentacle)
 C - a +3 ring of dexterity (left tentacle)
Wands
 z - a wand of random effects (9)
 B - a wand of flame (24)
Scrolls
 a - a scroll of immolation {unknown}
 e - 7 scrolls of teleportation
 h - 2 scrolls of remove curse
 o - a scroll of amnesia {unknown}
 p - a scroll of magic mapping {unknown}
 u - a scroll of random uselessness {unknown}
 v - a scroll of enchant weapon {unknown}
 w - a scroll of blinking {unknown}
 x - a scroll of vulnerability {unknown}
 y - a scroll of identify
 A - 2 scrolls of enchant armour {unknown}
Potions
 c - 2 potions of curing
 d - a potion of heal wounds {unknown}
 f - a potion of degeneration {unknown}
 g - a potion of lignification {unknown}
 i - 2 potions of agility {unknown}
 j - 3 potions of berserk rage
 n - 2 potions of mutation
 q - 2 potions of resistance
 r - a potion of flight
 s - 2 potions of haste
Comestibles
 b - 7 rations


   Skills:
 + Level 5.0 Dodging
 - Level 2.6 Stealth
 - Level 2.0 Spellcasting
 * Level 6.7 Conjurations
 * Level 7.3 Air Magic


You had 2 spell levels left.
You knew the following spells:

 Your Spells              Type           Power        Failure   Level  Hunger
a - Shock                 Conj/Air       ####         1%          1    #......
b - Static Discharge      Conj/Air       ####....     2%          3    ###....
c - Magic Dart            Conj           ####         1%          1    #......
d - Airstrike             Air            ####......   9%          4    #####..

Your spell library contained the following spells:

 Spells                   Type           Power        Failure   Level  Hunger
 Swiftness                Chrm/Air       ###.....     5%          2    ###....
 Lightning Bolt           Conj/Air       ####......   26%         5    ######.


Dungeon Overview and Level Annotations

Branches:
Dungeon (6/15)             Temple (1/1) D:4

Altars:
Elyvilon
Kikubaaqudgha
Okawaru
Qazlal
Ru
Uskayaw
Vehumet
Yredelemnul
The Shining One

Annotations:
D:6 Dowan


Innate Abilities, Weirdness & Mutations

You cannot wear most types of armour.
You are very stealthy in the water. (Stealth+)
You are amphibious.
You can wear up to eight rings at the same time.
You can use your tentacles to constrict eight enemies at once.
Your skin changes colour to match your surroundings (Stealth+).
Your rubbery body absorbs attacks. (AC +1, EV +1)


Message History

The orc warrior is moderately wounded.
The orc barely misses you.
The orc warrior hits you with a +0 hand axe of flaming.
The orc warrior burns you.
Casting: Shock (safe; 1% risk of failure)
Confirm with . or Enter, or press ? or * to list all spells.
Aiming: Shock (safe; 1% risk of failure)
Press: ? - help, Shift-Dir - straight line, f/p - orc warrior
Aim: an orc warrior, wielding a +0 hand axe of flaming and wearing a +0 plate armour (moderately wounded)
The zap hits the orc warrior.
The orc warrior is heavily wounded.
The zap hits the orc.
You kill the orc!
Vehumet accepts your kill.
The zap hits the orc warrior.
The orc warrior is severely wounded.
The orc warrior hits you with a +0 hand axe of flaming!
* * * LOW HITPOINT WARNING * * *
The orc warrior burns you!
You die...

# #.# #. .o.
.# #.# ###
...... #@#
####### .#)#)
#o# #..[..#
)..
#)####[###(#
#o# #...o..#
#<# ##.#
######.###o#
#..#
#.....###.##
#.[...#..(.o.#
#.###...####.#
# ##.## #.#


You could see an orc warrior.

Vanquished Creatures
  Edmund (D:5)
  Duvessa (D:6)
  An orc warrior (D:4)
  A phantom (D:4)
  2 ogres (D:4)
  A bullfrog (D:5)
  2 scorpions
  A crimson imp (D:6)
  4 orc priests
  2 hounds
  A centaur skeleton (D:4)
  7 orc wizards
  An iguana (D:4)
  3 worker ants
  A hound zombie (D:6)
  A worker ant zombie (D:5)
  8 adders
  A shadow imp (D:5)
  A worm (D:3)
  An adder skeleton (D:4)
  2 dart slugs
  4 leopard geckos
  27 orcs
  4 giant cockroaches
  7 goblins
  2 hobgoblins
  2 jackals (D:1)
  2 quokkas
  4 bats
  4 frilled lizards
  2 jackal skeletons (D:4)
  10 kobolds
  2 leopard gecko skeletons
  6 rats
119 creatures vanquished.

Notes
Turn   | Place    | Note
-------+----------+-------------------------------------------
     0 | D:1      | Lanoc the Octopode Air Elementalist began the quest for the
                  | Orb.
     0 | D:1      | Reached XP level 1. HP: 11/11 MP: 3/3
    70 | D:1      | Reached XP level 2. HP: 17/17 MP: 0/5
   875 | D:2      | Reached XP level 3. HP: 18/21 MP: 0/6
  1736 | D:3      | Reached XP level 4. HP: 25/27 MP: 0/7
  1902 | D:3      | Reached skill level 4 in Air Magic
  1910 | D:3      | Learned a level 3 spell: Static Discharge
  2107 | D:3      | Found a radiant altar of Vehumet.
  2202 | D:3      | Reached XP level 5. HP: 14/31 MP: 1/8
  2277 | D:3      | Became a worshipper of Vehumet
  2744 | D:4      | Reached XP level 6. HP: 26/36 MP: 1/9
  2865 | D:3      | Reached skill level 5 in Air Magic
  3095 | D:4      | Noticed a phantom
  3436 | D:4      | Reached XP level 7. HP: 24/41 MP: 1/10
  4058 | D:4      | Reached skill level 5 in Conjurations
  4140 | D:4      | Reached skill level 6 in Air Magic
  4314 | D:4      | Found a staircase to the Ecumenical Temple.
  4319 | Temple   | Entered the Ecumenical Temple
  4577 | D:4      | Reached XP level 8. HP: 46/46 MP: 6/11
  4644 | D:5      | Entered Level 5 of the Dungeon
  4724 | D:5      | Noticed Edmund
  4773 | D:5      | Killed Edmund
  4935 | D:5      | Reached * piety under Vehumet
  4935 | D:5      | Offered knowledge of Magic Dart by Vehumet.
  4938 | D:5      | Learned a level 1 spell: Magic Dart
  4971 | D:5      | Learned a level 4 spell: Airstrike
  5323 | D:6      | Noticed Dowan
  5324 | D:6      | Noticed Duvessa
  5429 | D:6      | Reached skill level 7 in Air Magic
  5712 | D:6      | Noticed a two-headed ogre
  5715 | D:6      | Killed Duvessa
  5819 | D:6      | Reached skill level 5 in Dodging
  5856 | D:6      | HP: 2/46 [orc warrior/+0 hand axe of flaming (16)]
  5856 | D:6      | Mangled by an orc warrior

Levels and vault maps discovered:
D:1:      eino_arrival_cavern_e, layout_basic, st_stairs_12, serial_park_tiny_2,
          hex_medium, minmay_misc_feat_encased, roderic_lattice_a
D:2:      layout_loops_cross
D:3:      layout_loops_cross, marbit_many_paths
D:4:      layout_cave_pools, minmay_temple_entry_nine_rooms,
          nrook_loot_triangle, st_stairs_4
D:5:      layout_basic, first_ration, uniq_edmund
D:6:      layout_loops_ring, minmay_misc_feat_pillars, kennysheep_diamond,
          st_stairs_14, uniq_crazy_yiuf_cottage, uniq_duvessa
Temple:   eino_narrow_crystal_temple

Skill      XL: |  1  2  3  4  5  6  7  8 |
---------------+-------------------------+-----
Conjurations   | 2 3 4 5 6 |  6.7
Air Magic      | 4 5 6 7 |  7.3
Dodging        | 3 4 5 |  5.0
Stealth        | |  2.6
Spellcasting   | |  2.0

Action                   |  1- 3 |  4- 6 |  7- 9 || total
-------------------------+-------+-------+-------++-------
Melee: Unarmed           |    18 |    15 |       ||    33
       Constrict         |     9 |    11 |    11 ||    31
       Tentacles         |     3 |     4 |     5 ||    12
       Whip              |       |    22 |    40 ||    62
 Cast: Shock             |    66 |    88 |   109 ||   263
       Static Discharge  |       |     5 |     9 ||    14
       Magic Dart        |       |       |     2 ||     2
  Use: Potion            |     1 |     1 |       ||     2
       Scroll            |       |       |     8 ||     8
 Stab: Sleeping          |     1 |     2 |     3 ||     6
  Eat: Chunk             |     3 |     7 |     6 ||    16
       Ration            |       |       |     1 ||     1
Armor: Skin              |     9 |     9 |     5 ||    23
Dodge: Dodged            |    34 |    53 |    49 ||   136
